 Dungeon Crawl Stone Soup version 0.21.0-24-g2553a33 (webtiles) character file.

437 Monsterracer the Slasher (level 6, -2/47 HPs)
             Began as a Vampire Abyssal Knight on Jan 20, 2018.
             Was a Believer of Lugonu.
             Killed from afar by Dowan (15 damage)
             ... with a shard of ice
             ... on level 4 of the Dungeon.
             The game lasted 00:04:31 (2842 turns).

Monsterracer the Slasher (Vampire Abyssal Knight)   Turns: 2842, Time: 00:04:32

Health: -2/47      AC:  6    Str: 13    XL:     6   Next: 69%
Magic:  7/7        EV: 12    Int: 14    God:    Lugonu [**....]
Gold:   150        SH:  4    Dex: 14    Spells: 5/5 levels left

rFire    . . .     SeeInvis +   a - +2 falchion
rCold    . . .     Gourm    .   f - +0 buckler
rNeg     . . .     Faith    .   h - +0 ring mail
rPois    .         Spirit   .   (no helmet)
rElec    .         Reflect  .   j - -1 cloak
rCorr    .         Harm     .   r - +0 pair of gloves
MR       .....                  (no boots)
Stlth    +.........             (no amulet)
HPRegen  0.35/turn              (no ring)
MPRegen  0.10/turn              (no ring)

@: regenerating quickly
A: fangs 3, see invisible, unbreathing
a: Depart the Abyss, Bend Space, Renounce Religion


You were on level 4 of the Dungeon.
You worshipped Lugonu.
Lugonu was pleased with you.
You were very full.

You visited 1 branch of the dungeon, and saw 4 of its levels.
You visited the Abyss 1 time.

You collected 150 gold pieces.

Inventory:

Hand Weapons
 a - a +2 falchion (weapon)
 i - a +2 dagger of draining
Armour
 f - a +0 buckler (worn)
 h - a +0 ring mail (worn)
 j - a -1 cloak (worn)
 r - a +0 pair of gloves (worn)
Jewellery
 g - an uncursed ring of ice
Wands
 c - a wand of disintegration (11)
Scrolls
 e - a scroll of blinking
 n - 2 scrolls of fog
 o - 2 scrolls of remove curse
Potions
 d - 7 potions of blood
 k - a potion of mutation {!q}
 l - a potion of flight
 m - 2 potions of brilliance
 p - 2 potions of magic
 q - a potion of haste


   Skills:
 + Level 3.6 Fighting
 * Level 5.1 Long Blades
 - Level 0.7 Armour
 + Level 3.7 Dodging
 + Level 2.2 Stealth
 + Level 2.2 Shields
 - Level 1.5 Invocations


You had 5 spell levels left.
You didn't know any spells.

Dungeon Overview and Level Annotations

Branches:
Dungeon (3/15)

Altars:
Fedhas

Annotations:
D:4 Dowan


Innate Abilities, Weirdness & Mutations

Your natural rate of healing is unusually fast.
You have razor-sharp teeth.
You have supernaturally acute eyesight. (SInv)
You can survive without breathing.


Message History

You hit the scorpion.
You kill the scorpion!
Lugonu accepts your kill.
Your Shields skill increases to level 2!
An adder comes into view.
The adder hisses angrily.
You hear a shout! x2
Dowan, Brother of Duvessa comes into view.
He is wielding a dagger.
Health restored: 47
There are monsters nearby!
You slash the adder!
The adder is heavily wounded.
The adder bites you but does no damage.
Dowan moves out of view.
Duvessa, Sister of Dowan comes into view.
She is wielding a short sword.
You miss the adder.
The adder is heavily wounded.
The adder bites you but does no damage.
You slash the adder!
You kill the adder!
Lugonu accepts your kill.
Dowan points at Duvessa and mumbles some strange words.
Duvessa seems to speed up.
You hit Duvessa. You bite Duvessa.
Duvessa is lightly wounded.
You block Duvessa's attack. Duvessa hits you but does no damage.
You hit Duvessa but do no damage.
Duvessa is lightly wounded.
Duvessa hits you with a short sword.
You take 6 damage, and have 41/47 hp.
You hit Duvessa but do no damage.
Duvessa is lightly wounded.
Duvessa says, "I don't care about looks, I care about technique!"
Duvessa hits you with a short sword. Duvessa closely misses you.
You riposte.
You hit Duvessa. Your bite misses Duvessa.
Duvessa is moderately wounded.
You take 5 damage, and have 36/47 hp.
You hit Duvessa.
Duvessa is moderately wounded.
Duvessa hits you with a short sword.
You take 2 damage, and have 34/47 hp.
You hit Duvessa but do no damage.
Duvessa is moderately wounded.
Duvessa hits you with a short sword. Duvessa barely misses you.
You take 3 damage, and have 31/47 hp.
You hit Duvessa but do no damage. You bite Duvessa.
Duvessa is heavily wounded.
Duvessa closely misses you. x2; You riposte.
You hit Duvessa.
Duvessa is heavily wounded.
You completely miss Duvessa.
Duvessa is heavily wounded.
You block Duvessa's attack.
You hit Duvessa.
Duvessa is heavily wounded.
You block Duvessa's attack. Duvessa hits you with a short sword!
You take 7 damage, and have 25/47 hp.
You hit Duvessa. You bite Duvessa, but do no damage.
Duvessa is heavily wounded.
Duvessa hits you with a short sword.
* * * LOW HITPOINT WARNING * * *
You take 2 damage, and have 23/47 hp.
You hit Duvessa.
Duvessa is severely wounded.
Duvessa hits you with a short sword!
* * * LOW HITPOINT WARNING * * *
Duvessa closely misses you.
You take 7 damage, and have 16/47 hp.
Evoke which item? (* to show all) (? for menu, Esc to quit)
Aiming: Disintegrate
Press: ? - help, Shift-Dir - straight line, f - Duvessa
Aim: Duvessa, wielding a short sword and wearing a ring mail (severely wounded, fast, chance to defeat MR: 48%) Duvessa is blasted.
You blow up Duvessa!
Lugonu accepts your kill.
Dowan screams, "No!
Oh no!"
Dowan seems to find hidden reserves of power!
Your Long Blades skill increases to level 5!
Your Stealth skill increases to level 2!
You block Dowan's attack.
Evoke which item? (* to show all) (? for menu, Esc to quit)
Aiming: Disintegrate
Press: ? - help, Shift-Dir - straight line, f - Dowan
Aim: Dowan, wielding a dagger and wearing a robe (fast, chance to defeat MR: 65%) Dowan is blasted.
Dowan misses you.
You riposte.
You miss Dowan.
Dowan is moderately wounded.
You slash Dowan!
Dowan is severely wounded.
Dowan casts a spell at you. You block the shard of ice. Dowan misses you.
You hit Dowan. Your bite misses Dowan.
Dowan is almost dead.
Dowan points at you and mumbles some strange words.
The stone arrow hits you!
* * * LOW HITPOINT WARNING * * *
Dowan hits you but does no damage.
You take 5 damage, and have 12/47 hp.
You closely miss Dowan.
Dowan is almost dead.
Dowan points at you and mumbles some strange words.
The shard of ice hits you!
You die...

## #. #.
#####.#####
#.....e@..#
#.###.###.# #.#
#.# #.# #.# #
##.###.#
#.##...##.######
....
+................
......
####...##########
....... ##.##


You could see Dowan.

Vanquished Creatures
  Duvessa (D:4)
  A scorpion (D:4)
  A hound (D:4)
  2 orc priests (D:3)
  An orc wizard (D:3)
  A worker ant (D:4)
  5 adders
  2 oozes (D:3)
  2 worms
  3 dart slugs
  3 leopard geckos
  12 orcs (D:3)
  2 giant cockroaches (D:3)
  5 hobgoblins
  8 kobolds
  3 quokkas
  9 bats
  A frilled lizard (D:3)
  9 goblins
  5 rats
76 creatures vanquished.

Notes
Turn   | Place    | Note
-------+----------+-------------------------------------------
     0 | Abyss:1  | Monsterracer the Vampire Abyssal Knight began the quest for the Orb.
     0 | Abyss:1  | Reached XP level 1. HP: 17/17 MP: 2/2
     0 | Abyss:1  | Found a corrupted altar of Lugonu.
    50 | Abyss:1  | Noticed a large abomination
    72 | Abyss:1  | Noticed a wretched star
    73 | D:1      | Escaped the Abyss
    77 | D:1      | Noticed an electric eel
    86 | D:1      | Noticed an electric eel
    98 | D:1      | Reached * piety under Lugonu
   233 | D:1      | Reached XP level 2. HP: 23/23 MP: 3/3
   371 | D:1      | Reached skill level 3 in Long Blades
  1133 | D:2      | Reached XP level 3. HP: 17/28 MP: 4/4
  1136 | D:2      | HP: 14/28 [worm (1)]
  1138 | D:2      | HP: 5/28 [worm (8)]
  1144 | D:1      | HP: 3/28 [poisoned by an adder]
  1151 | D:1      | HP: 4/28 [poisoned by an adder]
  1159 | D:1      | HP: 4/28 [poisoned by an adder]
  1247 | D:2      | HP: 13/28 [worm (6)]
  1252 | D:2      | HP: 9/28 [worm (1)]
  1390 | D:2      | Reached ** piety under Lugonu
  1734 | D:3      | Found a blossoming altar of Fedhas.
  1747 | D:3      | Reached skill level 1 in Shields
  1747 | D:3      | Reached XP level 4. HP: 30/34 MP: 5/5
  1946 | D:3      | HP: 10/35 [orc priest/divine providence (12)]
  1950 | D:3      | Reached skill level 4 in Long Blades
  1951 | D:3      | HP: 6/35 [orc (1)]
  2141 | D:3      | Reached XP level 5. HP: 40/41 MP: 6/6
  2514 | D:3      | You fall through a shaft!
  2707 | D:4      | Reached skill level 1 in Stealth
  2707 | D:4      | Reached XP level 6. HP: 47/47 MP: 7/7
  2824 | D:4      | Noticed Dowan
  2825 | D:4      | Noticed Duvessa
  2836 | D:4      | HP: 23/47 [Duvessa/short sword (2)]
  2838 | D:4      | Killed Duvessa
  2838 | D:4      | Reached skill level 5 in Long Blades
  2841 | D:4      | HP: 12/47 [Dowan/stone arrow (5)]
  2842 | D:4      | Killed from afar by Dowan

Skill      XL: |  1  2  3  4  5  6 |
---------------+-------------------+-----
Long Blades    | 3 4 5 |  5.1
Shields        | 1 2 |  2.2
Fighting       | 3 |  3.6
Dodging        | 3 |  3.7
Stealth        | 1 2 |  2.2
Armour         | |  0.7
Invocations    | |  1.5

Action                   |  1- 3 |  4- 6 || total
-------------------------+-------+-------++-------
Melee: Falchion          |   113 |   155 ||   268
       Bite              |    15 |    15 ||    30
Invok: Depart the Abyss  |     1 |       ||     1
Evoke: Wand              |       |     4 ||     4
  Use: Potion            |    12 |     6 ||    18
       Scroll            |     9 |     3 ||    12
Armor: Leather armour    |    28 |       ||    28
       Ring mail         |     3 |    56 ||    59
Dodge: Dodged            |    78 |    78 ||   156
Block: Buckler           |       |    16 ||    16
       Rpst.: Falchion   |    20 |    32 ||    52

Vault maps used:
D:1:      arrival_aquarium_b, minivault_27, minmay_misc_feat_alley,
          solitary_fountain, nrook_mini_vaults
D:3:      fedhas_altar_2
D:4:      uniq_duvessa
